AoeStats
← l3141516

Arabia

509540503Analyzed
4v4 RM · 6d ago on Sep 27, 2026· 68m 50s· 8 players
Game mode
Random Map
Map size
Large (8 player)
Population
200
Speed
Normal
Resources
Standard
Victory
Conquest
Starting age
Dark Age
Ending age
Imperial Age
RankedLock teamsTeams togetherTeam positionsShared explorationLock speedFull tech treeHidden civsTurbo modeCheats
Victory
Defeat
🇦🇺 Khmer · Australia
953
+11
🇲🇽 Romans · Mexico
907
+12
🇨🇳 Saracens · China
811
+16
🇵🇪 Khmer · Peru
768
+18
🇨🇱 Huns · Chile
842
-15
🇨🇱 Maya · Chile
840
-15
🇨🇱 Danes · Chile
815
-14
🇨🇱 Celts · Chile
796
-25
Nergal9964
3:15 Loom
14:06 Feudal Age
19:01 Castle Age
17:37 Double-Bit Axe
17:42 Horse Collar
18:16 Gold Mining
19:12 Wheelbarrow
18:33 Stone Mining
20:27 Bow Saw
24:20 Pikeman
29:07 Hand Cart
30:55 Gold Shaft Mining
35:25 Imperial Age
33:59 Murder Holes
35:45 Marauders
35:47 Scale Mail Armor
35:53 Scale Barding Armor
35:49 Padded Archer Armor
36:01 Forging
35:41 Fletching
36:14 Ballistics
37:27 Cavalier
38:24 Chain Mail Armor
38:31 Chain Barding Armor
38:07 Halberdier
38:48 Squires
39:03 Paladin
41:25 Husbandry
42:02 Plate Barding Armor
42:04 Iron Casting
41:45 Leather Archer Armor
41:25 Bodkin Arrow
43:07 Two-Man Saw
43:29 Chemistry
42:34 Light Cavalry
45:07 Bloodlines
NV-N5
11:31 Feudal Age
12:47 Man-at-Arms
20:06 Scale Mail Armor
20:12 Double-Bit Axe
20:18 Horse Collar
23:28 Gold Mining
23:29 Stone Mining
26:49 Castle Age
29:04 Gambesons
32:42 Wheelbarrow
34:45 Bow Saw
35:10 Heavy Plow
41:53 Imperial Age
40:52 Gold Shaft Mining
40:52 Stone Shaft Mining
39:45 Long Swordsman
39:46 Pikeman
40:44 Chain Mail Armor
42:26 Hand Cart
41:57 Town Watch
42:50 Fortified Wall
42:51 Masonry
43:03 Ballistics
45:13 Chemistry
46:11 Heavy Scorpion
48:17 Forging
49:52 Two-Handed Swordsman
54:45 Champion
55:59 Plate Mail Armor
56:05 Iron Casting
59:24 Conscription
Isgrom
0:29 Loom
10:25 Feudal Age
11:02 Double-Bit Axe
16:16 Gold Mining
16:56 Horse Collar
18:17 Wheelbarrow
20:10 Fletching
23:25 Castle Age
22:52 Scale Mail Armor
23:35 Forging
24:17 Crossbowman
24:37 Eagle Warrior
25:26 Squires
26:15 Chain Mail Armor
27:48 Iron Casting
29:48 Bow Saw
29:41 Heavy Plow
30:28 Arson
30:19 Elite Skirmisher
34:14 Stone Mining
36:08 Hand Cart
39:14 Town Watch
42:27 Hul'che Javelineers
45:30 Imperial Age
46:53 Conscription
47:04 Holcans
47:59 Plate Mail Armor
49:07 Blast Furnace
48:17 Elite Eagle Warrior
Veterinasus
12:40 Feudal Age
22:41 Castle Age
20:57 Arson
21:53 Double-Bit Axe
21:52 Horse Collar
23:34 Wheelbarrow
23:40 Forging
23:48 Town Watch
25:05 Gambesons
25:21 Squires
37:14 Gold Mining
40:14 Gold Shaft Mining
39:29 Pikeman
40:23 Scale Mail Armor
weirstt
0:32 Loom
10:30 Feudal Age
11:27 Double-Bit Axe
17:27 Castle Age
15:41 Horse Collar
17:51 Wheelbarrow
20:36 Hand Cart
20:51 Bow Saw
23:49 Gold Mining
24:40 Ballistas
25:06 Fletching
26:29 Heavy Plow
31:43 Imperial Age
31:35 Bodkin Arrow
31:40 Padded Archer Armor
33:59 Chemistry
33:19 Ballistics
33:37 Heavy Scorpion
36:37 Leather Archer Armor
40:01 Scale Mail Armor
40:12 Forging
40:34 Ring Archer Armor
39:30 Man-at-Arms
40:12 Long Swordsman
41:26 Conscription
40:58 Legionary
44:37 Iron Casting
44:19 Chain Mail Armor
52:13 Comitatenses
64:52 Spies/Treason
l3141516
2:09 Loom
12:26 Feudal Age
13:32 Double-Bit Axe
18:53 Castle Age
20:25 Bow Saw
19:59 Horse Collar
20:13 Gold Mining
20:13 Stone Mining
23:39 Stone Mining
24:51 Town Watch
26:36 Arson
27:59 Pikeman
30:54 Heavy Plow
32:49 Stone Shaft Mining
32:49 Gold Shaft Mining
36:26 Wheelbarrow
36:29 Husbandry
36:40 Bloodlines
38:12 Caravan
40:06 Bloodlines
42:43 Town Patrol
42:59 Hand Cart
48:17 Imperial Age
47:43 Light Cavalry
50:19 Chemistry
49:53 Conscription
50:00 Tusk Swords
50:18 Capped Ram
51:49 Heavy Scorpion
52:08 Halberdier
55:08 Scale Barding Armor
55:04 Scale Mail Armor
55:14 Forging
54:37 Hussar
59:17 Double Crossbow
64:07 Spies/Treason
68:12 Chain Mail Armor
Smash
0:38 Loom
10:41 Feudal Age
11:09 Horse Collar
17:35 Castle Age
16:04 Double-Bit Axe
21:08 Fletching
23:28 Padded Archer Armor
28:05 Ballistics
27:42 Bodkin Arrow
27:49 Town Watch
30:44 Murder Holes
35:20 Imperial Age
34:51 Leather Archer Armor
37:23 Bracer
38:29 Chemistry
37:32 Double Crossbow
39:09 Conscription
41:20 Bow Saw
43:55 Heavy Scorpion
45:38 Husbandry
45:48 Bloodlines
45:04 Light Cavalry
46:16 Hussar
48:47 Caravan
52:02 Heavy Cavalry Archer
54:11 Hoardings
55:08 Parthian Tactics
56:38 Ring Archer Armor
57:14 Heavy Plow
59:08 Masonry
61:31 Gold Mining
61:31 Stone Mining
61:58 Forging
63:26 Wheelbarrow
65:07 Siege Engineers
65:39 Iron Casting
67:02 Scale Barding Armor
Mihono Bourbon
11:44 Feudal Age
13:55 Man-at-Arms
14:46 Scale Mail Armor
14:56 Forging
16:08 Wheelbarrow
16:10 Town Watch
17:25 Loom
17:50 Double-Bit Axe
17:51 Horse Collar
19:06 Arson
29:19 Castle Age
28:49 Stone Mining
31:09 Bow Saw
31:03 Heavy Plow
31:10 Town Patrol
31:01 Gambesons
31:17 Squires
34:48 Hand Cart
35:33 Husbandry
35:44 Bloodlines
35:35 Fletching
35:52 Scale Barding Armor
36:27 Iron Casting
39:38 Bimaristan
40:21 Bodkin Arrow
42:08 Chain Barding Armor
45:44 Imperial Age
47:13 Hoardings
45:59 Elite Mameluke
47:04 Conscription
46:54 Counterweights
47:20 Conscription
46:21 Elite Mameluke
47:02 Capped Ram
48:39 Plate Barding Armor
49:05 Blast Furnace
48:06 Bracer
52:34 Chemistry
51:45 Masonry
51:40 Herbal Medicine
54:30 Ballistics
55:41 Murder Holes
58:53 Elite Skirmisher
59:39 Thumb Ring
60:01 Parthian Tactics
60:12 Siege Ram
60:18 Siege Ram
64:00 Caravan
Connection lost

Rejoining the realm…

Still unreachable

The connection could not be restored.

Session expired

The server has moved on; the page needs a fresh start.